 Dungeon Crawl Stone Soup version 0.28-a0-793-g31680bbd8b (webtiles) character file.

Game seed: 10304518690320577249

328336 gimp the Peltast (level 20, -22/158 (160) HPs)
             Began as a Demonspawn Cinder Acolyte on Nov 3, 2021.
             Was an Initiate of Ignis.
             Killed from afar by a deep elf sorcerer (49 damage)
             ... with damnation
             ... on level 3 of the Elven Halls.
             The game lasted 02:31:52 (63935 turns).

gimp the Peltast (Demonspawn Cinder Acolyte)       Turns: 63935, Time: 02:31:54

HP:   -22/158 (160) AC: 17    Str: 16    XL:     20   Next: 80%
MP:   36/38         EV: 16    Int: 27    God:    Ignis [......]
Gold: 2829          SH: 20    Dex: 13    Spells: 24/48 levels left

rFire   + + .      SeeInvis +   b - +9 scimitar "Todweh" {venom, Will+ Dex+2}
rCold   + + +      Faith    .   j - +2 kite shield {rC+}
rNeg    + . .      Spirit   .   s - +2 leather armour of Veqi {rC+ Will+ Dex+2}
rPois   .          Reflect  +   J - +0 helmet
rElec   .          Harm     .   y - scarf {repulsion}
rCorr   .          Rampage  .   (gloves unavailable)
Will    +++..                   z - +2 pair of boots
Stlth   ++........              x - amulet of reflection
HPRegen 0.36/turn               g - ring "Jiawin" {Fly Int+2 SInv Stlth+}
MPRegen 0.26/turn               T - ring of Qomouk {rF+ rC+ rN+ AC+4 Str+2}

@: flying, very slightly contaminated, studying Ice Magic, lightly drained,
repel missiles
A: claws 3, rugged brown scales 3, foul stench 2, spiny 2
}: 2/15 runes: decaying, serpentine
a: Renounce Religion


You were on level 3 of the Elven Halls.
You worshipped Ignis.
Ignis was noncommittal.
You visited 7 branches of the dungeon, and saw 38 of its levels.
You also visited: Sewer, Bailey, Ice Cave and Volcano.

You collected 4902 gold pieces.
You spent 2073 gold pieces at shops.

Inventory:

Hand Weapons
 a - a +4 scimitar of flaming
 b - the +9 scimitar "Todweh" (weapon) {venom, Will+ Dex+2}
   (You acquired it on level 4 of the Swamp)

   It poisons the flesh of those it strikes.
   Dex:       It affects your dexterity (+2).
   Will:      It increases your willpower.
Missiles
 u - 130 poisoned darts (quivered)
 v - 15 javelins
 L - 7 curare-tipped darts
Armour
 j - a +2 kite shield of cold resistance (worn)
 s - the +2 leather armour of Veqi (worn) {rC+ Will+ Dex+2}
   (You bought it in a shop on level 2 of the Orcish Mines)

   Dex:       It affects your dexterity (+2).
   rC:        It protects you from cold.
   Will:      It increases your willpower.
 y - a scarf of repulsion (worn)
 z - a +2 pair of boots (worn)
 J - a +0 helmet (worn)
 R - a +2 cloak of poison resistance
Jewellery
 g - the ring "Jiawin" (left claw) {Fly Int+2 SInv Stlth+}
   (You found it on level 2 of the Swamp)

   [ring of flight]

   Int:       It affects your intelligence (+2).
   SInv:      It lets you see invisible.
   Fly:       It grants you flight.
   Stlth:     It makes you more stealthy.
 m - a ring of willpower
 t - a ring of resist corrosion
 x - an amulet of reflection (around neck)
 F - the ring "Boamutho" {rN++ Int+6}
   (You found it in a bailey)

   [ring of intelligence]

   Int:       It affects your intelligence (+6).
   rN:        It greatly protects you from negative energy.
 T - the ring of Qomouk (right claw) {rF+ rC+ rN+ AC+4 Str+2}
   (You found it on level 1 of the Swamp)

   [ring of protection]

   AC:        It affects your AC (+4).
   Str:       It affects your strength (+2).
   rF:        It protects you from fire.
   rC:        It protects you from cold.
   rN:        It protects you from negative energy.
Wands
 r - a wand of digging (11)
 H - a wand of mindburst (21)
 O - a wand of acid (23)
 P - a wand of paralysis (9)
 Q - a wand of iceblast (43)
 Z - a wand of flame (30)
Scrolls
 c - 9 scrolls of enchant armour
 e - 14 scrolls of teleportation
 h - 2 scrolls of blinking
 i - 5 scrolls of fog
 l - a scroll of summoning
 q - 6 scrolls of fear
 Y - 3 scrolls of enchant weapon
Potions
 d - 4 potions of resistance
 f - a potion of heal wounds
 k - 3 potions of might
 w - 7 potions of invisibility
 A - 4 potions of flight
 C - 5 potions of mutation
 E - 26 potions of curing
 G - 8 potions of ambrosia
 K - 7 potions of brilliance
 S - 4 potions of cancellation
 U - 6 potions of magic
 V - a potion of haste
Miscellaneous
 o - a tin of tremorstones (2/2)
 B - a lightning rod (4/4)
 D - a phial of floods
 M - a box of beasts
 W - a condenser vane
 X - a phantom mirror


   Skills:
 - Level 11.0 Fighting
 - Level 14.0 Long Blades
 - Level 6.0 Throwing
 - Level 5.0 Armour
 + Level 10.2 Dodging
 - Level 15.0 Shields
 * Level 14.6 Spellcasting
 - Level 10.0 Conjurations
 - Level 7.0 Hexes
 - Level 11.0 Necromancy
 - Level 8.0 Transmutations
 - Level 6.0 Fire Magic
 - Level 7.0 Air Magic
 + Level 6.1 Earth Magic
 + Level 10.5 Evocations


You had 24 spell levels left.
You knew the following spells:

 Your Spells              Type           Power      Damage    Failure   Level
a - Scorch                Fire           100%       2d10      1%          2
b - Apportation           Tloc           38%        N/A       3%          1
c - Flame Wave            Conj/Fire      58%        3d11      1%          4
d - Blink                 Tloc           38%        N/A       4%          2
e - Irradiate             Conj/Tmut      31%        3d24      2%          5
f - Silence               Hex/Air        27%        N/A       4%          5
g - Borgnjor's Vile Clut  Necr/Erth      30%        N/A       2%          5

Your spell library contained the following spells:

 Spells                   Type           Power      Damage    Failure   Level
 Animate Skeleton         Necr           100%       N/A       1%          1
 Beastly Appendage        Tmut           100%       N/A       1%          1
 Foxfire                  Conj/Fire      100%       2x1d9     1%          1
 Magic Dart               Conj           100%       1d8       1%          1
 Pain                     Necr           100%       1d9       1%          1
 Slow                     Hex            100%       N/A       1%          1
 Sting                    Tmut/Pois      100%       1d8       1%          1
 Corpse Rot               Necr/Air       100%       N/A       1%          2
 Ensorcelled Hibernation  Hex/Ice        76%        N/A       1%          2
 Passwall                 Tmut/Erth      45%        N/A       1%          2
 Poisonous Vapours        Pois/Air       76%        N/A       1%          2
 Searing Ray              Conj           100%       2d8       1%          2
 Sublimation of Blood     Necr           68%        N/A       1%          2
 Wereblood                Tmut           58%        N/A       1%          2
 Confusing Touch          Hex            55%        N/A       1%          3
 Conjure Flame            Conj/Fire      58%        6-21      1%          3
 Dazzling Flash           Conj/Hex       100%       N/A       1%          3
 Ignite Poison            Fire/Tmut/Pois 44%        N/A       1%          3
 Inner Flame              Hex/Fire       53%        N/A       1%          3
 Spider Form              Tmut/Pois      41%        N/A       1%          3
 Swiftness                Air            55%        N/A       1%          3
 Tukima's Dance           Hex            55%        N/A       1%          3
 Vampiric Draining        Necr           68%        2d10      1%          3
 Airstrike                Air            27%        N/A       1%          4
 Fulminant Prism          Conj/Hex       30%        3d16      1%          4
 Petrify                  Tmut/Erth      55%        N/A       1%          4
 Sticky Flame             Conj/Fire      58%        2d7       1%          4
 Agony                    Necr           68%        N/A       1%          5
 Lightning Bolt           Conj/Air       30%        1d47      2%          5
 Freeze                   Ice            76%        1d9       3%          1
 Summon Small Mammal      Summ           76%        N/A       3%          1
 Blade Hands              Tmut           29%        N/A       3%          5
 Hailstorm                Conj/Ice       46%        3d11      4%          4
 Yara's Violent Unravell  Hex/Tmut       28%        3d12      4%          5
 Ice Form                 Ice/Tmut       41%        N/A       6%          4
 Summon Lightning Spire   Summ/Air       38%        N/A       8%          4
 Frozen Ramparts          Ice            38%        1d5       10%         3
 Gell's Gravitas          Tloc           19%        N/A       10%         3
 Lesser Beckoning         Tloc           19%        N/A       10%         3
 Ozocubu's Armour         Ice            19%        N/A       10%         3
 Teleport Other           Tloc           19%        N/A       10%         3
 Alistair's Intoxication  Tmut/Pois      27%        N/A       17%         5
 Metabolic Englaciation   Hex/Ice        19%        N/A       22%         5
 Statue Form              Tmut/Erth      36%        N/A       26%         6
 Invisibility             Hex            27%        N/A       28%         6
 Olgreb's Toxic Radiance  Pois           19%        N/A       32%         4
 Passage of Golubria      Tloc           19%        N/A       32%         4
 Simulacrum               Ice/Necr       24%        N/A       45%         6
 Manifold Assault         Tloc           19%        N/A       65%         5
 Eringya's Noxious Bog    Tmut/Pois      20%        N/A       67%         6
 Dragon Form              Tmut           29%        N/A       71%         7
 Summon Cactus Giant      Summ           9%         N/A       99%         6
 Ozocubu's Refrigeration  Ice            9%         4d6       100%        7
 Ignition                 Fire           25%        3d9       100%        8
 Lehudib's Crystal Spear  Conj/Erth      29%        10d8      100%        8


Dungeon Overview and Level Annotations

Branches:
Dungeon (15/15)            Temple (0/1) D:6            Lair (6/6) D:11
  Swamp (4/4) Lair:3        Snake (4/4) Lair:3        Slime (0/5) Lair:6
    Orc (2/2) D:12            Elf (3/3) Orc:2        Vaults (4/5) D:14
  Crypt (0/3) Vaults:3     Depths (0/4) D:15          Sewer (visited)
 Bailey (visited)           IceCv (visited)         Volcano (visited)

Altars:
Fedhas
Gozag
Hepliaklqana
Qazlal
Sif Muna
Xom
Yredelemnul
Beogh
Jiyva

Shops:
D:2 (   Orc:1 [   Orc:2 **([   Elf:1 !   Snake:3 *   Vaults:2 ([[

Portals:
Trove: D:13 (give +5 demon whip)

Annotations:
D:10 exclusion: door
D:12 2 transporters, Duick's ghost, journeyman TrMo
Snake:4 3 runed translucent doors, snackwell's ghost, adept KoBr
Elf:2 3 runed translucent doors
Vaults:4 Mennas


Innate Abilities, Weirdness & Mutations

You have claws for hands.
You are completely covered in rugged brown scales. (AC +3, +7% HP)
You sometimes emit foul miasma when damaged in melee.
You are mostly covered in sharp spines.


Message History

The deep elf demonologist points at you and mumbles some strange words.
You resist with almost no effort.
The deep elf sorcerer gestures wildly while chanting.
The deep elf sorcerer seems to speed up.
The deep elf sorcerer is struck by your spines.
The deep elf sorcerer hits you with a +0 short sword!
The deep elf demonologist is struck by your spines.
The deep elf demonologist closely misses you.
You hear a shout! x2
You take 7 damage, and have 101/156 hp.
Casting: Irradiate (mildly dangerous; 2% risk of failure)
Confirm with . or Enter, or press ? or * to list all spells.
You erupt in a fountain of uncontrolled magic!
The deep elf demonologist is blasted with magical radiation!!!
You kill the deep elf demonologist!
The deep elf sorcerer is blasted with magical radiation!!!
You kill the deep elf sorcerer!
You are very lightly contaminated with residual magic.
You hear a shout! x2
A deep elf death mage comes into view. It is wielding a +0 long sword.
You now have 33/38 mp.
Items here: ( )) [.
The deep elf sorcerer gestures at you while chanting.
The sphere of damnation explodes!
The damnation engulfs you!!!
You hear a shout! x2
Things that are here:
a +0 leather armour; a +0 long sword; an elf skeleton You take 44 damage, and have 60/158 hp.
MASSIVE DAMAGE!!
Unknown command.
The deep elf sorcerer gestures at you while chanting.
The sphere of damnation explodes!
The damnation engulfs you!!
* * * LOW HITPOINT WARNING * * *
You take 34 damage, and have 27/158 hp.
MASSIVE DAMAGE!!
Unknown command.
The deep elf sorcerer points at you and mumbles some strange words.
The sphere of damnation explodes!
The damnation engulfs you!!!
You die...

####.#.##.#.......##
#.<..[)..####......###
#.....[..# ##......'<.
#.#.[.#..#*##......###
#.##.##..#≈≈#.....##
#........#≈*#..).##
####.###.#≈≈#...##
###)###.#≈###'##
#...@...# ###.#
#.#.##..####..#######
#[#.##..............#
#.#.##.........####.#
##########e##### ###
#[# ###.### ##.....##
###.......###


You could see a deep elf sorcerer (fast).

Vanquished Creatures
  Xtahua (Vaults:1)
  Vashnia (Snake:4)
  Jory (Vaults:4)
  A bone dragon (Swamp:4)
  A tentacled monstrosity (Swamp:3)
  Rupert (Lair:6)
  A lich (Vaults:1)
  2 sphinxes
  Kirke (Elf:1)
  5 thorn hunters
  Donald (Snake:4)
  Roxanne (Elf:3)
  A storm dragon (Vaults:1)
  2 nagarajas (Snake:4)
  2 fenstrider witches
  A frost giant (Vaults:1)
  4 deep elf sorcerers
  3 orc warlords
  The ghost of pokeman the Sorcerer, an adept DEWz of Vehumet (Swamp:2)
  9 vault wardens
  Louise (Swamp:2)
  15 ironbound preservers
  Aizul (Snake:1)
  2 ghouls
  3 deep elf elementalists
  A stone giant (D:15)
  3 deep elf demonologists
  Nessos (D:14)
  A deep elf annihilator (Vaults:1)
  A red draconian (Volcano)
  A white draconian (IceCv)
  3 dire elephants (Vaults:3)
  Azrael (Elf:1)
  4 bunyips
  3 eleionomae
  A fire dragon (Lair:6)
  A deep elf death mage (Elf:2)
  Josephine (D:14)
  A crystal guardian (Vaults:4)
  7 yaktaur captains
  4 ironbound thunderhulks
  4 salamander tyrants (Snake:4)
  9 naga warriors
  A shambling mangrove (Swamp:3)
  3 ironbound frosthearts
  2 boulder beetles
  A catoblepas (Lair:6)
  A peacekeeper (Vaults:4)
  11 vault guards
  23 hydras
  A rakshasa (D:14)
  Erolcha (D:9)
  3 ghost crabs
  2 great orbs of eyes
  6 centaur warriors (D:14)
  2 death knights (Vaults:3)
  5 tengu warriors
  9 anacondas
  8 two-headed ogres
  18 dancing weapons
  12 death yaks
  11 alligators
  5 orc high priests
  4 shock serpents
  12 deep elf knights
  12 naga sharpshooters
  A fire crab (Lair:4)
  6 salamander mystics
  7 spriggan druids
  A glowing orange brain (Vaults:3)
  4 goliath frogs
  52 deep trolls
  8 deep elf archers
  5 swamp dragons
  4 naga ritualists
  6 bog bodies
  7 wizards
  3 spectral hydras (Swamp:4)
  A lindwurm (Lair:6)
  A phantasmal warrior (Swamp:4)
  A harpy (shapeshifter) (D:13)
  An orb spider (shapeshifter) (D:12)
  8 orc knights
  A wolf spider (D:15)
  12 ironbound convokers
  17 deep elf pyromancers
  17 deep elf zephyrmancers
  9 cyclopes
  9 mana vipers
  6 orc sorcerers (Orc:2)
  2 necromancers
  An oklob plant (Swamp:1)
  26 ugly things
  2 moths of wrath (Swamp:2)
  7 will-o-the-wisps
  3 manticores
  16 salamanders
  2 guardian serpents (Snake:4)
  13 cane toads
  2 ice statues (IceCv)
  9 elephants
  15 vault sentinels
  Maurice (D:11)
  Maggie (D:10)
  13 naga magi
  A torpor snail (Lair:5)
  27 black mambas
  3 molten gargoyles (Lair:6)
  2 unseen horrors (D:12)
  A komodo dragon (shapeshifter) (D:13)
  9 komodo dragons
  2 kobold demonologists (D:10)
  4 swamp worm zombies (Swamp:4)
  8 rime drakes
  A freezing wraith (D:14)
  6 tengu conjurers
  4 efreet
  24 yaktaurs
  A polar bear (Lair:3)
  5 hydra zombies (Swamp:4)
  18 tyrant leeches
  A queen bee (shapeshifter) (D:14)
  A troll (shapeshifter) (Elf:1)
  10 trolls
  10 hornets
  33 slime creatures
  Prince Ribbit (D:8)
  4 alligator zombies (Swamp:4)
  21 blink frogs
  3 spectral swamp dragons (Swamp:4)
  8 spriggans
  A centaur simulacrum (D:15)
  2 air elementals
  A shadow (D:5)
  7 water elementals
  4 wyverns
  7 wraiths
  62 yaks
  2 vampires
  4 fire bats (D:10)
  6 fire elementals (Elf:1)
  3 hogs (Elf:1)
  14 basilisks
  2 steam dragons
  17 vampire mosquitoes
  10 wargs
  42 nagas
  10 swamp worms
  An acid dragon (D:14)
  9 hell hounds
  16 water moccasins
  45 orc warriors
  A hornet zombie (D:6)
  3 swamp drakes
  2 ice beasts
  9 necrophages
  Pargi (Sewer)
  13 ogres
  3 centaurs
  A swamp dragon zombie (Swamp:4)
  17 wolves
  6 phantoms (Swamp:4)
  4 kobold brigands (D:10)
  16 bullfrogs
  4 earth elementals
  A scorpion (D:5)
  A two-headed ogre simulacrum (D:13)
  3 lindwurm simulacra (IceCv)
  An elephant simulacrum (D:13)
  4 howler monkeys
  13 wights
  5 electric eels
  4 centaur zombies
  4 lava snakes (Lair:6)
  10 komodo dragon simulacra (IceCv)
  A gnoll shaman (D:4)
  3 hounds
  3 jellies (D:12)
  29 orc priests
  Natasha (D:2)
  2 spectral swamp drakes (Swamp:4)
  3 iguanas (D:5)
  18 orc wizards
  2 spriggan simulacra (D:13)
  3 troll simulacra (D:13)
  5 polar bear simulacra (Lair:6)
  3 wolf simulacra (Lair:6)
  A yak simulacrum (Lair:6)
  A killer bee zombie (D:8)
  11 gnolls
  A naga simulacrum (D:13)
  4 acid dragon simulacra (IceCv)
  8 adders
  A shadow imp (D:8)
  2 white imps
  4 steam dragon simulacra (IceCv)
  An adder skeleton (D:4)
  A dart slug (D:2)
  98 orcs
  5 endoplasms
  6 giant cockroaches
  8 goblins
  4 hobgoblins
  3 jackals (D:1)
  6 quokkas
  7 ball pythons
  7 bats
  2 frilled lizards
  19 kobolds
  4 rats
  2 river rat simulacra (Lair:6)
  6 briar patches (Swamp:3)
1446 creatures vanquished.

Vanquished Creatures (collateral kills)
  Frances (D:13)
  A boulder beetle (D:12)
  A two-headed ogre (D:13)
  A cyclops (D:13)
  A kobold brigand (D:10)
  A kobold (D:10)
  A foxfire (D:4)
7 creatures vanquished.

Vanquished Creatures (others)
  A bunyip (Swamp:3)
  A vault guard (D:14)
  A deep elf knight (Elf:3)
  A deep elf archer (Elf:2)
  A deep elf zephyrmancer (Elf:2)
  A deep elf pyromancer (Elf:2)
  A rime drake (IceCv)
  3 bloated husks
  A water elemental (Elf:1)
  2 humans (Elf:1)
  A bush (Lair:5)
  67 foxfires
  32 fungi
  61 plants
174 creatures vanquished.

Grand Total: 1627 creatures vanquished

Notes
Turn   | Place    | Note
-------+----------+-------------------------------------------
     0 | D:1      | gimp the Demonspawn Cinder Acolyte began the quest for the
                  | Orb.
     0 | D:1      | Reached XP level 1. HP: 18/18 MP: 2/2
   620 | D:1      | Gained mutation: You have sharp fingernails. [demonic
                  | ancestry]
   620 | D:1      | Reached XP level 2. HP: 13/24 MP: 3/3
  1328 | D:1      | Found a faded altar of an unknown god.
  1410 | D:1      | Learned a level 2 spell: Scorch
  2223 | D:2      | Reached XP level 3. HP: 29/29 MP: 1/4
  2469 | D:2      | Found Net Xebi's Antique Weapon Emporium.
  2704 | D:2      | Noticed Natasha
  2706 | D:2      | Killed Natasha
  2707 | D:2      | Gained mutation: You have very sharp fingernails. [demonic
                  | ancestry]
  2707 | D:2      | Reached XP level 4. HP: 35/35 MP: 0/5
  4287 | D:4      | Noticed a black bear
  4380 | D:4      | Noticed a necrophage
  4395 | D:3      | Killed a necrophage
  4396 | D:3      | Reached skill level 5 in Long Blades
  4396 | D:3      | Reached XP level 5. HP: 41/41 MP: 2/6
  4460 | D:5      | Entered Level 5 of the Dungeon
  5085 | D:4      | Gained mutation: You may rarely emit foul miasma when
                  | damaged in melee. [demonic ancestry]
  5085 | D:4      | Reached XP level 6. HP: 34/47 MP: 1/7
  6631 | D:5      | Found a basalt altar of Yredelemnul.
  6770 | D:5      | Noticed a shadow
  6793 | D:5      | Killed a shadow
  6794 | D:5      | Reached XP level 7. HP: 35/52 MP: 1/8
  6928 | D:5      | Reached skill level 5 in Fire Magic
  7307 | D:6      | Noticed a manticore
  7307 | D:6      | Noticed a troll
  7315 | D:5      | Reached skill level 1 in Shields
  7394 | D:6      | Gained mutation: You are partially covered in rugged brown
                  | scales. (AC +1, +3% HP) [demonic ancestry]
  7394 | D:6      | Reached XP level 8. HP: 32/59 MP: 3/9
  7510 | D:6      | Found a glowing drain.
  7545 | Sewer    | Entered a sewer
  7769 | Sewer    | Noticed Pargi
  7781 | Sewer    | Killed Pargi
  7782 | Sewer    | Reached skill level 2 in Shields
  7891 | D:6      | Identified the +1 robe "Umof" {Dex+6}
  7919 | D:6      | Found a staircase to the Ecumenical Temple.
  8043 | D:6      | Killed a troll
  8448 | D:6      | Reached skill level 3 in Shields
  9629 | D:7      | Reached XP level 9. HP: 47/64 MP: 2/10
 10055 | D:7      | Found a hazy altar of Hepliaklqana.
 10126 | D:7      | Reached skill level 4 in Shields
 11778 | D:8      | Noticed Prince Ribbit
 11948 | D:8      | Killed Prince Ribbit
 12018 | D:8      | Reached skill level 10 in Long Blades
 12348 | D:8      | Found a stormy altar of Qazlal.
 12348 | D:8      | Found an opulent altar of Gozag.
 12494 | D:9      | Noticed Erolcha
 12520 | D:9      | Killed Erolcha
 12521 | D:9      | Reached skill level 5 in Fighting
 12521 | D:9      | Gained mutation: You are mostly covered in rugged brown
                  | scales. (AC +2, +5% HP) [demonic ancestry]
 12521 | D:9      | Reached XP level 10. HP: 70/77 MP: 4/16
 12734 | D:9      | Found a flagged portal.
 12802 | Bailey   | Entered a bailey
 12806 | Bailey   | Noticed an orc knight
 13118 | Bailey   | Identified the +1 troll leather armour "Tiesinil" {rC+++
                  | Regen+ Int-2}
 13233 | Bailey   | Killed an orc knight
 13234 | Bailey   | Reached skill level 5 in Spellcasting
 13385 | Bailey   | Learned a level 1 spell: Apportation
 13931 | Bailey   | Noticed an orc knight
 14023 | Bailey   | Killed an orc knight
 14207 | Bailey   | Identified the ring "Boamutho" {rN++ Int+6}
 14442 | D:9      | Found a shimmering blue altar of Sif Muna.
 14813 | D:10     | Entered Level 10 of the Dungeon
 14931 | D:10     | Noticed a two-headed ogre
 14963 | D:10     | Killed a two-headed ogre
 15048 | D:10     | Gained mutation: You are completely covered in rugged brown
                  | scales. (AC +3, +7% HP) [demonic ancestry]
 15048 | D:10     | Reached XP level 11. HP: 72/84 MP: 20/20
 15051 | D:10     | Noticed a sun demon
 15099 | D:10     | Reached skill level 1 in Evocations
 15343 | D:10     | Noticed a sun demon
 15356 | D:10     | Reached skill level 5 in Shields
 15614 | D:10     | Noticed Maggie
 15681 | D:10     | Killed Maggie
 15918 | D:10     | Noticed a two-headed ogre
 15928 | D:10     | Killed a two-headed ogre
 16500 | D:11     | Found a staircase to the Lair.
 16505 | D:11     | Reached skill level 6 in Shields
 16557 | D:11     | Noticed Maurice
 16560 | D:11     | Killed Maurice
 17147 | D:12     | Noticed an orb spider
 17147 | D:12     | a polar bear changed into an orb spider
 17153 | D:12     | Killed an orb spider
 17468 | D:12     | Noticed a boulder beetle
 17587 | D:12     | Found a transporter.
 17587 | D:12     | Noticed a two-headed ogre
 17595 | D:12     | Killed a two-headed ogre
 17596 | D:12     | Reached XP level 12. HP: 92/92 MP: 13/21
 17601 | D:12     | Learned a level 4 spell: Flame Wave
 17643 | D:12     | Noticed Duick's ghost (journeyman TrMo)
 17721 | D:11     | Reached skill level 5 in Evocations
 17913 | D:12     | Found a transporter.
 17933 | D:12     | Found a viscous altar of Jiyva.
 18155 | D:12     | Noticed a two-headed ogre
 18165 | D:12     | Killed a two-headed ogre
 18166 | D:12     | Reached skill level 7 in Shields
 18224 | D:12     | Found a staircase to the Orcish Mines.
 18262 | D:12     | Killed a boulder beetle
 18263 | D:12     | Reached skill level 1 in Armour
 18619 | D:12     | Got Inexim's Handbook of Congealing Venom
 18675 | D:12     | Learned a level 2 spell: Blink
 18681 | D:12     | Learned a level 5 spell: Irradiate
 18783 | Lair:1   | Entered Level 1 of the Lair of Beasts
 18783 | Lair:1   | Noticed a seven-headed hydra
 18792 | Lair:1   | Killed a two-headed hydra
 18825 | D:11     | Reached skill level 1 in Conjurations
 19034 | Lair:1   | Noticed an eight-headed hydra
 19047 | Lair:1   | Killed a six-headed hydra
 19719 | Lair:1   | Reached skill level 8 in Shields
 19941 | Lair:1   | Noticed a six-headed hydra
 19948 | Lair:1   | Killed a four-headed hydra
 20224 | Lair:2   | Noticed a death yak
 20238 | Lair:2   | Noticed a five-headed hydra
 20238 | Lair:2   | Noticed a death yak
 20238 | Lair:2   | Noticed a death yak
 20240 | Lair:2   | Noticed an eight-headed hydra
 20266 | Lair:2   | Noticed a death yak
 20268 | Lair:2   | Killed a death yak
 20268 | Lair:2   | Noticed a death yak
 20278 | Lair:2   | Killed a six-headed hydra
 20282 | Lair:2   | Killed a five-headed hydra
 20283 | Lair:2   | Reached XP level 13. HP: 37/97 MP: 16/22
 21023 | Lair:2   | Found a blossoming altar of Fedhas.
 21270 | Lair:3   | Found a staircase to the Snake Pit.
 21342 | Lair:3   | Reached skill level 5 in Conjurations
 21347 | Lair:3   | Reached skill level 5 in Armour
 21400 | Lair:3   | Reached skill level 1 in Dodging
 21727 | Lair:3   | Reached skill level 1 in Throwing
 22009 | Lair:3   | Found a staircase to the Swamp.
 24254 | Lair:5   | Found a dark tunnel.
 24262 | Lair:5   | Reached XP level 14. HP: 94/104 MP: 23/23
 24278 | Volcano  | Entered a volcano
 24308 | Volcano  | Found a burning altar of Makhleb.
 24338 | Volcano  | Reached skill level 5 in Dodging
 24478 | Volcano  | Reached skill level 5 in Throwing
 24674 | Lair:5   | Reached skill level 1 in Transmutations
 25358 | Lair:6   | Entered Level 6 of the Lair of Beasts
 25544 | Lair:6   | Noticed Rupert
 25879 | Lair:6   | Killed Rupert
 26013 | Lair:6   | Reached skill level 5 in Transmutations
 26455 | Lair:6   | Reached skill level 9 in Shields
 27289 | Lair:6   | Found a staircase to the Slime Pits.
 27403 | Lair:6   | Reached skill level 10 in Shields
 28069 | Lair:6   | Found a large runed translucent door.
 28173 | Lair:6   | ahhh yes, 1/7. 61%
 28178 | Lair:6   | Gained mutation: You are partially covered in sharp spines.
                  | [demonic ancestry]
 28178 | Lair:6   | Reached XP level 15. HP: 70/110 MP: 24/24
 28228 | Lair:6   | Found a large runed translucent door.
 28980 | Orc:1    | Entered Level 1 of the Orcish Mines
 28980 | Orc:1    | Found Xaisomi's Antique Armour Emporium.
 29061 | Orc:1    | Bought a heavily runed ring mail for 171 gold pieces
 29061 | Orc:1    | Identified the +1 ring mail of Kuoraudd {rCorr Int+3} (You
                  | bought it in a shop on level 1 of the Orcish Mines)
 29165 | Orc:2    | Entered Level 2 of the Orcish Mines
 29498 | Orc:1    | Noticed an orc warlord
 29821 | D:12     | Killed an orc warlord
 29822 | D:12     | Reached skill level 11 in Shields
 30454 | Orc:2    | Paralysed by an orc sorcerer for 6 turns
 30722 | Orc:2    | Found Xyqaekk's Assorted Antiques.
 30770 | Orc:2    | Bought a coiled sapphire amulet for 125 gold pieces
 30770 | Orc:2    | Identified the amulet of Sorouc {Acrobat Dex+2} (You bought
                  | it in a shop on level 2 of the Orcish Mines)
 30777 | Orc:2    | Found Exosuo Ugown's Assorted Antiques.
 31049 | Orc:2    | Bought a condenser vane for 1000 gold pieces
 31049 | Orc:2    | Bought a potion of heal wounds for 125 gold pieces
 31049 | Orc:2    | Bought a scroll of teleportation for 75 gold pieces
 31577 | Orc:2    | Noticed an orc warlord
 31684 | D:12     | Killed an orc warlord
 31977 | Orc:2    | Reached skill level 12 in Shields
 32220 | Orc:2    | Found a staircase to the Elven Halls.
 32450 | Orc:2    | Paralysed by an orc sorcerer for 7 turns
 32489 | Orc:2    | Found Owuvudof's Weapon Boutique.
 32668 | Orc:2    | Found Unter's Antique Armour Emporium.
 32678 | Orc:2    | Bought a transparent leather armour for 161 gold pieces
 32678 | Orc:2    | Identified the +2 leather armour of Veqi {rC+ Will+ Dex+2}
                  | (You bought it in a shop on level 2 of the Orcish Mines)
 33658 | D:13     | Found a frozen archway.
 33734 | IceCv    | Entered an ice cave
 33843 | IceCv    | Reached skill level 13 in Shields
 34535 | D:13     | Noticed Frances
 34545 | D:13     | Killed Frances
 34834 | D:13     | Found a portal to a secret trove of treasure.
 35366 | D:12     | Learned a level 5 spell: Silence
 35531 | D:14     | Noticed Josephine
 35536 | D:14     | Killed Josephine
 35791 | D:14     | Noticed Nessos
 35804 | D:14     | Killed Nessos
 36353 | D:14     | Gained mutation: You sometimes emit foul miasma when
                  | damaged in melee. [demonic ancestry]
 36353 | D:14     | Reached XP level 16. HP: 116/116 MP: 25/25
 36727 | D:14     | Reached skill level 14 in Shields
 36916 | D:14     | Found a gate to the Vaults.
 37610 | D:15     | Entered Level 15 of the Dungeon
 37841 | D:15     | Identified the +0 leather armour "Geruniawk" {rPois Dex+2}
 38157 | D:15     | Found a staircase to the Depths.
 38546 | Snake:1  | Entered Level 1 of the Snake Pit
 39001 | Snake:1  | Found a shimmering altar of Xom.
 39413 | Snake:1  | Noticed Aizul
 39425 | Snake:1  | Killed Aizul
 39559 | Snake:2  | Reached skill level 1 in Hexes
 40130 | Snake:2  | Reached skill level 15 in Shields
 40731 | Snake:3  | Reached skill level 10 in Conjurations
 40870 | Snake:3  | Reached skill level 1 in Air Magic
 41516 | Snake:2  | Learned a level 5 spell: Borgnjor's Vile Clutch
 41556 | Snake:3  | Found Isotil's Neck Hole.
 41635 | Snake:3  | Found a shimmering blue altar of Sif Muna.
 41884 | Snake:4  | Entered Level 4 of the Snake Pit
 41989 | Snake:4  | Noticed Vashnia
 42054 | Snake:4  | Reached XP level 17. HP: 79/123 MP: 23/29
 42078 | Snake:4  | Killed Vashnia
 42248 | Snake:4  | Found a runed translucent gate.
 42248 | Snake:4  | Found a runed translucent gate.
 42248 | Snake:4  | Found a runed translucent gate.
 42249 | Snake:4  | Noticed snackwell's ghost (adept KoBr)
 42331 | Snake:4  | Noticed Donald
 42345 | Snake:4  | Killed Donald
 42547 | Snake:4  | Reached skill level 5 in Hexes
 43847 | Snake:4  | Identified the +5 halberd of Inquiry {drain, Dex+4}
 44135 | Snake:4  | Got a serpentine rune of Zot
 44331 | Swamp:1  | Entered Level 1 of the Swamp
 44474 | Swamp:1  | Paralysed by a hornet for 3 turns
 44917 | Swamp:1  | Identified the ring of Qomouk {rF+ rC+ rN+ AC+4 Str+2}
 44961 | Swamp:1  | Reached skill level 5 in Air Magic
 45585 | Swamp:2  | Noticed Louise
 45602 | Swamp:2  | Reached skill level 10 in Spellcasting
 45613 | Swamp:2  | Killed Louise
 45867 | Swamp:2  | Found a transporter.
 45870 | Swamp:2  | Noticed pokeman's ghost (adept DEWz)
 45890 | Swamp:2  | Found a transporter.
 45928 | Swamp:2  | Reached skill level 1 in Necromancy
 45952 | Swamp:2  | Killed pokeman's ghost
 46036 | Swamp:2  | Identified the ring "Jiawin" {Fly Int+2 SInv Stlth+}
 46508 | Swamp:3  | Reached XP level 18. HP: 122/142 MP: 27/32
 46899 | Swamp:3  | Reached skill level 10 in Fighting
 46963 | Swamp:3  | Noticed a tentacled monstrosity
 47041 | Swamp:3  | Killed a tentacled monstrosity
 47413 | Swamp:4  | Entered Level 4 of the Swamp
 47507 | Swamp:4  | Identified a scroll of acquirement
 47508 | Swamp:4  | Acquired the +9 scimitar "Todweh" {venom, Will+ Dex+2}
 47584 | Swamp:4  | Reached skill level 5 in Necromancy
 47891 | Swamp:4  | Noticed a bone dragon
 47962 | Swamp:4  | Killed a bone dragon
 48080 | Swamp:4  | Acquired 907 gold pieces
 48495 | Swamp:4  | Got a decaying rune of Zot
 48827 | Vaults:1 | Entered Level 1 of the Vaults
 49108 | Vaults:1 | Noticed a lich
 49123 | Vaults:1 | Killed a lich
 50194 | Vaults:1 | Gained mutation: You have claws for hands. [demonic
                  | ancestry]
 50194 | Vaults:1 | Reached XP level 19. HP: 153/153 MP: 34/34
 50826 | Vaults:1 | Reached skill level 10 in Necromancy
 51243 | Vaults:2 | Noticed Xtahua
 51253 | Vaults:1 | Killed Xtahua
 52205 | Vaults:1 | Reached skill level 1 in Earth Magic
 53141 | Vaults:2 | Found Xycwown's Weapon Boutique.
 53470 | Vaults:2 | Found Tuluscha's Antique Armour Emporium.
 54394 | Vaults:2 | Found Atacsuc's Armour Shoppe.
 56355 | Vaults:3 | Found a staircase to the Crypt.
 56579 | Vaults:3 | You fall into a shaft and drop 1 floor!
 56839 | Vaults:4 | Noticed Jory
 56865 | Vaults:4 | Killed Jory
 56866 | Vaults:4 | Gained mutation: You are mostly covered in sharp spines.
                  | [demonic ancestry]
 56866 | Vaults:4 | Reached XP level 20. HP: 145/160 MP: 24/37
 57376 | Vaults:4 | Noticed Mennas
 58470 | Elf:1    | Entered Level 1 of the Elven Halls
 59062 | Elf:1    | Noticed Kirke
 59077 | Elf:1    | Killed Kirke
 59087 | Elf:1    | Noticed Azrael
 59116 | Elf:1    | Killed Azrael
 59792 | Elf:1    | Found Yjuux's Distillery.
 59801 | Elf:1    | Bought a potion of curing for 39 gold pieces
 59801 | Elf:1    | Bought a potion of curing for 39 gold pieces
 59801 | Elf:1    | Bought a potion of curing for 39 gold pieces
 59801 | Elf:1    | Bought a potion of curing for 39 gold pieces
 59801 | Elf:1    | Bought a potion of might for 52 gold pieces
 59801 | Elf:1    | Bought a potion of brilliance for 52 gold pieces
 59801 | Elf:1    | Bought a potion of brilliance for 52 gold pieces
 59801 | Elf:1    | Bought a potion of cancellation for 104 gold pieces
 59978 | Elf:1    | Reached skill level 5 in Earth Magic
 60478 | Elf:1    | Paralysed by an air elemental for 1 turns
 60481 | Elf:1    | Paralysed by an air elemental for 1 turns
 60885 | Elf:2    | Reached skill level 10 in Evocations
 61723 | Elf:2    | Found a runed translucent gate.
 61724 | Elf:2    | Found a runed translucent gate.
 61724 | Elf:2    | Found a runed translucent gate.
 61967 | Elf:3    | Entered Level 3 of the Elven Halls
 62005 | Elf:3    | Paralysed by an air elemental for 1 turns
 62010 | Elf:3    | Paralysed by an air elemental for 1 turns
 62011 | Elf:3    | Reached skill level 10 in Dodging
 62632 | Elf:3    | Noticed Roxanne
 62664 | Elf:3    | Killed Roxanne
 63935 | Elf:3    | Killed from afar by a deep elf sorcerer

Illustrated notes

.....###8§...†≈§≈# $.... ≈≈≈
......###§..).§≈≈#$.....+ ..
......##8§§.[.≈≈≈#$..... ..
......###§≈...≈≈≈# [.... ≈≈#
......####§§...≈§##$...##.≈#
.......##.≈§...#≈≈######.§.#..
.......###§≈§§##≈≈≈≈≈≈k.≈§≈.D§
.......####§≈#...§###≈≈≈≈#..#
........# ##≈##.@9#...≈≈...###
.....Y..## #≈≈≈≈#.....≈#.9..8#
......Y..# #§§≈§#.....#D....#
.........# ##≈≈§......#....8#
........## #≈≈##8..........##
........# #≈≈#
##.........#8#####
......Y.##≈§≈ #8#8#.....##
##..# .......Y##≈##
######....# ##... ........#
#### ##...####....


Turn 28173 on Lair:6: ahhh yes, 1/7. 61%

Levels and vault maps discovered:
D:1:      sevenhm_arrival_forest_fort_small_4, layout_basic, serial_rivers,
          chequers_serial_rivers_marsh, chequers_serial_rivers_room_a,
          chequers_serial_rivers_large_b, chequers_serial_rivers_micro_c,
          ebering_ecumenical_altar_abandoned
D:2:      layout_basic, serial_shops, shop_statue, minmay_pentomino_q2,
          uniq_natasha
D:3:      layout_basic
D:4:      layout_basic, serial_bayou, serial_bayou_shore_a,
          serial_bayou_lagoon_b, serial_bayou_lagoon_a, serial_bayou_crossing
D:5:      layout_cave_pools, yredelemnul_altar_generic, serial_column_ruins,
          column_ruins_grid_4, column_ruins_columns_straight,
          column_ruins_open_tiny, column_ruins_columns_straight,
          column_ruins_open_small
D:6:      layout_loops_ring, minmay_temple_entry_gardened_gates,
          gup_sewer_entry_pipe
D:7:      layout_basic, mainiacjoe_overflow_catwalk
D:8:      layout_gridville, gammafunk_temple_overflow_elements,
          uniq_prince_ribbit1
D:9:      layout_roguey, nicolae_sif_muna_little_library, enter_bailey_7,
          minmay_misc_feat_five, uniq_erolcha
D:10:     layout_loops_cross, hangedman_incinerator, uniq_maggie
D:11:     layout_roguey, erik_lair_island, uniq_maurice
D:12:     layout_stronghold, minmay_orc_entry_guard_dogs,
          gammafunk_ghost_stat_death, jiyva_altar_1
D:13:     layout_roguey, enter_trove_6, portal_ice_cave_entry_ice_simulacra,
          uniq_frances
D:14:     layout_loops_ring, lightli_vaults_fourway_checkpoint,
          serial_bayou_pond_b, uniq_nessos, uniq_josephine
D:15:     grunt_enter_depths_snipers, layout_rooms, minmay_misc_feat_doors,
          minmay_misc_feat_rugged, feat_on_display
Lair:1:   layout_cave_pods
Lair:2:   layout_gridlike, basic_altar, lemuel_old_faithful
Lair:3:   layout_hall_layers, minmay_swamp_entry_worms,
          guppyfry_snake_entry_island, roderic_carrion_pond,
          infiniplex_staircase_pool_2, serial_bayou_shore_b
Lair:4:   layout_cave_pods, grunt_megastairs_4, infiniplex_staircase_pool,
          lemuel_fruit_tree
Lair:5:   layout_loops_ring, enter_volcano_3, kennysheep_basilisk_garden
Lair:6:   cheibrodos_lair_end_hotspot, layout_regular_city,
          dpeg_slime_entry_corner, eino_house_with_fridge, uniq_rupert
Swamp:1:  layout_basic_swamp, nicolae_swamp_ascending_descending, swamp_pool4,
          nicolae_swamp_oklob_treasure_island
Swamp:2:  layout_basic_swamp, gammafunk_ghost_berserking_beasts,
          nicolae_swamp_bean_lake, uniq_louise
Swamp:3:  nzn_winding_woodlands_small [nzn_winding_woodlands_5x15_crooked,
          nzn_winding_woodlands_center_pierced_h,
          nzn_winding_woodlands_5x15_lazy_stream], layout_falls_marsh,
          nicolae_swamp_very_dense_foliage
Swamp:4:  swamp_pestilence, layout_basic_swamp, swamp_pool4
Snake:1:  layout_layer_cave, basic_altar, special_room, uniq_aizul
Snake:2:  layout_honeycomb
Snake:3:  layout_misc_corridors, basic_altar, nicolae_snake_gridmaze_big_u,
          nicolae_shop_sticking_my_neck_out, grunt_megastairs_2
Snake:4:  johnstein_snake_rune_scales, layout_chambers,
          ebering_ghost_rock_garden, uniq_vashnia, uniq_donald
Orc:1:    layout_caves, serial_shops, nicolae_shop_overgrown_old_shop
Orc:2:    pubby_orc_utopia
Elf:1:    minmay_elf_arrival_plus, layout_gridlike, serial_shops, shop,
          evilmike_minifort, uniq_kirke, uniq_azrael
Elf:2:    nicolae_elf_blades_crystal_corner, layout_loops_corners,
          nicolae_elf_stone_circles, uniq_jorgrun
Elf:3:    minmay_elf_hall_hex, layout_loops_corners, serial_aquarium,
          aquarium_bridge_square [aquarium_subvault_bridge,
          aquarium_subvault_bridge, aquarium_subvault_bridge,
          aquarium_subvault_wall], aquarium_bridge_straight
          [aquarium_subvault_bridge, aquarium_subvault_wall,
          aquarium_subvault_bridge, aquarium_subvault_wall], aquarium_window_1,
          aquarium_window_2, aquarium_window_1, aquarium_view_2d, uniq_roxanne
Vaults:1: v_pattern_5, ontoclasm_vaults_decontamination, grunt_vaults_bifocal,
          nicolae_vaults_big_ls, vaults_mumra_chevron, vaults_room_large_hall,
          dpeg_vaults_monster_row, vaults_room_stairs_pillars,
          vaults_room_grunt_arrival_checkpoint, nicolae_vaults_puzzle_piece,
          v_alt_pattern_6, layout_vaults_maze_bifur
Vaults:2: hangedman_vaults_corner, nicolae_vaults_little_squares_5,
          nicolae_vaults_big_angled_halls, vaults_mumra_lcd,
          vaults_mumra_chevron_long, grunt_vaults_trifunnel,
          hangedman_vaults_maws, v_alt_pattern_3,
          nicolae_vaults_twisting_passages, vaults_dpeg_ring, v_misc_12,
          v_misc_2, nicolae_vaults_little_ls, vaults_dpeg_cross, v_misc_17,
          layout_vaults_omnibox, serial_shops, shop_fountains,
          nicolae_shop_crystal, nicolae_shop_crystal, uniq_xtahua
Vaults:3: blue_anna_dwarven_crypt, hangedman_vaults_maws,
          nicolae_vaults_mini_display_case, ontoclasm_vaults_gateway,
          nicolae_vaults_diagonal_hallway_8, ontoclasm_vaults_chip,
          layout_vaults_quadrants, serial_glass
Vaults:4: v_misc_17, v_misc_12, grunt_vaults_funnel,
          nicolae_vaults_c_with_doors, v_misc_13, ontoclasm_vaults_ring_large,
          vaults_room_door_hall, vaults_standard_mumra_enter_the_diamond,
          v_misc_16, vaults_standard_mumra_x, nicolae_vaults_shelves_hall,
          layout_vaults_ring, uniq_jory, uniq_mennas

Skill      XL: |  1  2  3  4  5  6  7  8  9 10 11 12 13 14 15 16 17 18 19 20 |
---------------+-------------------------------------------------------------+-----
Long Blades    | 3 4 5 6 7 8 10 12 13 14 | 14.0
Fire Magic     | 3 4 5 6 |  6.0
Shields        | 1 3 4 6 8 10 13 15 | 15.0
Spellcasting   | 4 6 8 10 11 13 14 | 14.6
Fighting       | 5 9 11 | 11.0
Evocations     | 4 7 8 9 10 | 10.5
Armour         | 4 5 |  5.0
Conjurations   | 4 7 8 10 | 10.0
Dodging        | 4 6 7 9 10 | 10.2
Throwing       | 4 6 |  6.0
Transmutations | 7 8 |  8.0
Hexes          | 4 7 |  7.0
Air Magic      | 2 5 7 |  7.0
Necromancy     | 2 8 11 | 11.0
Earth Magic    | 3 6 |  6.1

Action                   |  1- 3 |  4- 6 |  7- 9 | 10-12 | 13-15 | 16-18 | 19-21 || total
-------------------------+-------+-------+-------+-------+-------+-------+-------++-------
Melee: Falchion          |   107 |   148 |   242 |   358 |    26 |       |       ||   881
       Long sword        |       |       |       |   271 |  1766 |       |       ||  2037
       Scimitar          |       |       |       |       |    44 |  1766 |   996 ||  2806
 Fire: Arbalest          |       |       |       |     8 |       |       |       ||     8
Throw: Boomerang         |       |     1 |       |    42 |       |       |       ||    43
       Dart              |       |     2 |       |    68 |       |     5 |    17 ||    92
       Javelin           |       |       |       |    19 |       |       |       ||    19
 Cast: Scorch            |    12 |    48 |   129 |   185 |   520 |     1 |       ||   895
       Apportation       |       |       |       |    55 |       |       |       ||    55
       Blink             |       |       |       |       |     1 |       |       ||     1
       Irradiate         |       |       |       |       |    28 |    98 |    85 ||   211
       Flame Wave        |       |       |       |       |     1 |     2 |     1 ||     4
       Silence           |       |       |       |       |       |     2 |     5 ||     7
       Borgnjor's Vile C |       |       |       |       |       |       |     6 ||     6
Invok: Foxfire Swarm     |     3 |     1 |     2 |       |       |       |       ||     6
       Rising Flame      |       |       |       |       |       |     1 |     1 ||     2
Evoke: Phial of floods   |       |       |     1 |     2 |       |       |       ||     3
       Wand              |       |       |       |    42 |    30 |    25 |       ||    97
       Box of beasts     |       |       |       |     2 |     1 |     2 |     1 ||     6
       Condenser vane    |       |       |       |       |     1 |     3 |       ||     4
       Tin of tremorston |       |       |       |       |       |     8 |     1 ||     9
       Phantom mirror    |       |       |       |       |       |     2 |     2 ||     4
  Use: Potion            |     3 |     1 |       |    10 |       |     8 |     3 ||    25
       Scroll            |       |     7 |     5 |    10 |     2 |     5 |     3 ||    32
 Stab: Paralysed         |       |       |       |       |     8 |       |       ||     8
       Confused          |       |       |       |       |       |     2 |       ||     2
       Sleeping          |       |       |       |       |       |     1 |     1 ||     2
Armor: Robe              |    27 |    10 |       |       |       |       |       ||    37
       Leather armour    |       |     6 |       |       |    34 |   483 |   204 ||   727
       Ring mail         |       |    13 |    58 |     6 |       |       |       ||    77
       Troll leather arm |       |       |       |   170 |   445 |       |       ||   615
       Skin              |       |       |       |    12 |       |       |       ||    12
Dodge: Dodged            |    87 |    83 |   133 |   435 |  1011 |   585 |   328 ||  2662
       Repelled          |       |       |       |       |     4 |       |    15 ||    19
Block: Other             |       |    12 |     3 |       |       |       |       ||    15
       Reflection        |       |     1 |     4 |     1 |    20 |    15 |    46 ||    87
       Buckler           |       |       |   145 |   261 |   325 |       |       ||   731
       Kite shield       |       |       |       |       |  1247 |   988 |   750 ||  2985

Table legend: (Time is in decaauts)
 A = Elapsed time spent in this place.
 B = Non-inter-level travel time spent in this place.
 C = Inter-level travel time spent in this place.
 D = Time resting spent in this place.
 E = Time spent auto-exploring this place.
 F = Levels seen in this place.
 G = Mean time per level.
                   A        B        C        D        E       F      G
               +--------+--------+--------+--------+--------+-----+--------+
         Total |  62752 |  59956 |   2796 |   5736 |  40273 |  42 | 1494.1 |
       Dungeon |  22040 |  20837 |   1203 |   2334 |  13843 |  15 | 1469.3 |
          Lair |   9850 |   9235 |    615 |    644 |   6039 |   6 | 1641.7 |
         Swamp |   4051 |   3868 |    183 |    170 |   2609 |   4 | 1012.8 |
     Snake Pit |   5525 |   5306 |    219 |    212 |   3800 |   4 | 1381.2 |
  Orcish Mines |   4263 |   4104 |    159 |    170 |   2828 |   2 | 2131.5 |
   Elven Halls |   5084 |   4885 |    199 |    454 |   3647 |   3 | 1694.7 |
        Vaults |   9257 |   9042 |    215 |   1152 |   6548 |   4 | 2314.2 |
         Sewer |    289 |    289 |      0 |      0 |    243 |   1 |  289.0 |
        Bailey |   1434 |   1434 |      0 |    436 |    398 |   1 | 1434.0 |
      Ice Cave |    683 |    683 |      0 |    141 |    218 |   1 |  683.0 |
       Volcano |    272 |    272 |      0 |     21 |     98 |   1 |  272.0 |
               +--------+--------+--------+--------+--------+-----+--------+

Top non-repeatable levels by time:
   Orc:2: 3911 daAuts
Vaults:1: 3067 daAuts
     D:7: 2863 daAuts
Vaults:2: 2706 daAuts
  Lair:6: 2617 daAuts
    D:13: 2242 daAuts
Vaults:3: 2223 daAuts
 Snake:4: 2204 daAuts
    D:12: 2017 daAuts
     D:1: 1948 daAuts
   Elf:2: 1929 daAuts
  Lair:5: 1924 daAuts
     D:4: 1790 daAuts
   Elf:1: 1773 daAuts
     D:5: 1723 daAuts
